 Dungeon Sprint DCSS version 0.28-a0-1435-g82390b3a13 (webtiles) character file.

Game seed: 16900328076289715551

192 mhtbhm the Covered (level 5, 0/52 HPs)
             Began as a Minotaur Fighter on Jan 9, 2022.
             Slain by an ice devil (2 damage)
             ... summoned by a kobold demonologist
             ... in the Dungeon (Sprint III: "The Ten Rune Challenge").
             The game lasted 00:01:50 (499 turns).

mhtbhm the Covered (Minotaur Fighter)                Turns: 499, Time: 00:01:50

Health: 0/52       AC:  8    Str: 22    XL:     5   Next: 42%
Magic:  4/4        EV: 10    Int:  5    God:
Gold:   23         SH:  5    Dex: 10    Spells: 4/4 levels left

rFire   . . .      SeeInvis .   a - +0 war axe
rCold   . . .      Faith    .   c - +0 buckler
rNeg    . . .      Spirit   .   b - +0 scale mail
rPois   .          Reflect  .   (helmet restricted)
rElec   .          Harm     .   (no cloak)
rCorr   .          Rampage  .   (no gloves)
Will    .....      NoTele   +   (no boots)
Stlth   ..........              (no amulet)
HPRegen 0.17/turn               (no ring)
MPRegen 0.09/turn               (no ring)

@: mighty
A: horns 2, retaliatory headbutt
a: no special abilities


You were in the Dungeon.
You visited 1 branch You collected 23 gold pieces.

Inventory:

Hand Weapons
 a - a +0 war axe (weapon)
Armour
 b - a +0 scale mail (worn)
 c - a +0 buckler (worn)
Scrolls
 i - a scroll of torment {unknown}
 j - 2 scrolls of blinking
 k - 2 scrolls of identify {unknown}
 n - a scroll of immolation {unknown}
Potions
 e - 2 potions of curing
 g - a potion of haste
 h - 2 potions of magic
 l - a potion of lignification {unknown}
 m - 2 potions of flight
 o - 5 potions of mutation


   Skills:
 + Level 7.6 Fighting
 + Level 7.4 Axes
 + Level 7.6 Armour
 + Level 1.2 Dodging
 + Level 0.8 Stealth
 + Level 7.0 Shields


You had 4 spell levels left.
You didn't know any spells.
Your spell library was empty.

Dungeon Overview and Level Annotations

Branches:
Dungeon (1/1)

Altars:
Dithmenos
Kikubaaqudgha
Ru
Sif Muna
Vehumet
Yredelemnul


Innate Abilities, Weirdness & Mutations

You have a pair of horns on your head.
You reflexively headbutt those who attack you in melee.


Message History

You slash the kobold demonologist! You closely miss the crimson imp.
The kobold demonologist hits you with a +0 dagger.
The wizard gestures wildly while chanting.
The wizard blinks!
The ice devil hits you but does no damage.
The crimson imp closely misses you.
You barely miss the kobold demonologist.
The kobold demonologist is severely wounded.
You slash the ice devil! You hit the crimson imp.
The kobold demonologist gestures wildly while chanting.
You block the ice devil's attack. The crimson imp barely misses you.
The kobold demonologist barely misses you.
You barely miss the kobold demonologist.
The kobold demonologist is severely wounded.
You barely miss the crimson imp. You hit the ice devil but do no damage.
You slash the iron imp!
The ice devil hits you but does no damage.
The crimson imp misses you.
The kobold demonologist hits you with a +0 dagger.
You hit the kobold demonologist.
Your headbutt misses the kobold demonologist.
The kobold demonologist is almost dead.
You barely miss the iron imp. You hit the ice devil but do no damage.
You barely miss the crimson imp. You block the ice devil's attack.
The crimson imp closely misses you. You furiously retaliate!
You headbutt the crimson imp! The iron imp hits you.
The kobold demonologist barely misses you.
You feel very mighty all of a sudden. The ice devil hits you.
The ice devil freezes you!!
* * * LOW HITPOINT WARNING * * *
The crimson imp misses you. The iron imp hits you.
* * * LOW HITPOINT WARNING * * *
The kobold demonologist hits you but does no damage.
Unknown command.
You miss the kobold demonologist.
Your headbutt misses the kobold demonologist.
The kobold demonologist is almost dead.
You hit the iron imp but do no damage. You hit the ice devil.
You closely miss the crimson imp. The ice devil hits you.
You die...

####....♣♣♣ ♣..# #._#
...#....≈.♣♣♣..###+#+###)##
...#...≈≈...♣..#..........#
...#..≈≈≈≈♣.♣..'.⌠........#
##'#..≈≈≈≈≈≈.♣.#...######+#
...#.≈≈≈≈≈≈....#.⌠.#
†..#.≈≈≈≈≈.....#.p.#
...#.≈≈≈.......#4###
####...........#@55#
...............#5K_#
▓▓▓▓▓▓▓▓▓▓▓▓▓▓▓▓▓▓▓▓


You could see an ice devil (summoned), a wizard, a kobold demonologist, 2 iron
imps and a crimson imp (summoned).

Vanquished Creatures
  A necrophage (D)
  A water elemental (D)
  A necromancer (D)
  A human (D)
  A phantom (D)
  An endoplasm (D)
  3 rats (D)
9 creatures vanquished.

Notes
Turn   | Place    | Note
-------+----------+-------------------------------------------
     0 | D        | mhtbhm the Minotaur Fighter began the quest for the Orb.
     0 | D        | Reached XP level 1. HP: 19/19 MP: 0/0
    94 | D        | Reached skill level 5 in Fighting
    94 | D        | Reached skill level 5 in Armour
    94 | D        | Reached skill level 5 in Shields
    94 | D        | Reached XP level 2. HP: 21/29 MP: 1/1
   213 | D        | Noticed a water elemental
   226 | D        | Killed a water elemental
   227 | D        | Reached skill level 5 in Axes
   227 | D        | Reached XP level 3. HP: 24/38 MP: 2/2
   227 | D        | Reached XP level 4. HP: 29/45 MP: 3/3
   427 | D        | Found a basalt altar of Yredelemnul.
   427 | D        | Found a shadowy altar of Dithmenos.
   427 | D        | Found a sacrificial altar of Ru.
   427 | D        | Noticed a necrophage
   438 | D        | Killed a necrophage
   439 | D        | Reached skill level 1 in Dodging
   439 | D        | Reached XP level 5. HP: 45/52 MP: 4/4
   488 | D        | Found a radiant altar of Vehumet.
   490 | D        | Found a shimmering blue altar of Sif Muna.
   490 | D        | Found an ancient bone altar of Kikubaaqudgha.
   493 | D        | Noticed an ice devil
   498 | D        | HP: 2/52 [iron imp[a kobold demonologist] (6)]
   499 | D        | Slain by an ice devil

Illustrated notes

Levels and vault maps discovered:
D:        dungeon_sprint_mu [sprint_mu_entry_forest, sprint_mu_temple_rooms,
          sprint_mu_d1_spiders, sprint_mu_d2_genie, sprint_mu_d3_branching,
          sprint_mu_orc_legion, sprint_mu_elf_gauntlet, sprint_mu_hive_nellie,
          sprint_mu_lair_fedhas, sprint_mu_vaults_butterflies,
          sprint_mu_slime_circle, sprint_mu_shoals_archi,
          sprint_mu_snake_twists, sprint_mu_blade_basic,
          sprint_mu_crypt_fortress, sprint_mu_tomb_spiral,
          sprint_mu_vestibule_basic, sprint_mu_gehenna_hellfire,
          sprint_mu_dis_giant, sprint_mu_tartarus_statrot,
          sprint_mu_cocytus_islands, sprint_mu_zot1]

Skill      XL: |  1  2  3  4 |
---------------+-------------+-----
Fighting       | 5 6 7 |  7.6
Armour         | 5 6 7 |  7.6
Shields        | 5 7 |  7.0
Axes           | 3 5 7 |  7.4
Dodging        | 1 |  1.2
Stealth        | |  0.8

Action                   |  1- 3 |  4- 6 || total
-------------------------+-------+-------++-------
Melee: War axe           |    26 |    18 ||    44
       Headbutt          |     1 |     2 ||     3
  Use: Potion            |     2 |     1 ||     3
Armor: Scale mail        |    11 |     5 ||    16
Dodge: Dodged            |     8 |     9 ||    17
Block: Buckler           |     3 |     6 ||     9

Table legend: (Time is in decaauts)
 A = Elapsed time spent in this place.
 B = Non-inter-level travel time spent in this place.
 C = Inter-level travel time spent in this place.
 D = Time resting spent in this place.
 E = Time spent auto-exploring this place.
 F = Levels seen in this place.
 G = Mean time per level.
                   A        B        C        D        E       F      G
               +--------+--------+--------+--------+--------+-----+--------+
         Total |    523 |    523 |      0 |    335 |      0 |   1 |  523.0 |
       Dungeon |    523 |    523 |      0 |    335 |      0 |   1 |  523.0 |
               +--------+--------+--------+--------+--------+-----+--------+

Top non-repeatable levels by time:
       D: 523 daAuts
